 Dungeon Crawl Stone Soup version 0.28.0-53-g5a82cb258f (webtiles) character file.

Game seed: 1187453259692826486

67 Descartes the Sneak (level 3, 0/17 HPs)
             Began as a Felid Wanderer on June 14, 2022.
             Killed from afar by Natasha (5 damage)
             ... with a magic dart
             ... on level 3 of the Dungeon.
             The game lasted 00:05:28 (2801 turns).

Descartes the Sneak (Felid Wanderer)                Turns: 2801, Time: 00:05:30

Health: 0/17       AC:  2    Str:  8    XL:     3   Next: 98%
Magic:  3/4        EV: 19    Int: 12    God:
Gold:   96         SH:  0    Dex: 18    Spells: 1/2 levels left
                                        Lives:  0   Deaths: 1

rFire   . . .      SeeInvis +     - Unarmed
rCold   . . .      Faith    .   (shield unavailable)
rNeg    . . .      Spirit   .   (armour unavailable)
rPois   .          Reflect  .   (helmet unavailable)
rElec   .          Harm     .   (cloak unavailable)
rCorr   .          Rampage  .   (gloves unavailable)
Will    .....                   (boots unavailable)
Stlth   ++++......              (no amulet)
HPRegen 0.05/turn               (no ring)
MPRegen 0.09/turn               (no ring)

@: appendages (expiring), slowed, slow
A: horns 2, very small, claws 1, fangs 3, see invisible, speed 1, shaggy fur 2,
stealthy paws, no weapons or thrown items, no armour, multi-lived
a: End Transformation


You were on level 3 of the Dungeon.
You had temporarily grown beastly horns.
You visited 1 branch of the dungeon, and saw 3 of its levels.

You collected 96 gold pieces.

Inventory:

Missiles
 b - 122 stones
Jewellery
 g - a ring of ice
Wands
 h - a wand of paralysis (6)
Scrolls
 a - a scroll of teleportation
 c - a scroll of immolation
 e - 3 scrolls of identify
Potions
 d - a potion of magic
 f - a potion of ambrosia


   Skills:
 - Level 3.0 Fighting
 + Level 4.0 Dodging
 + Level 6.6 Stealth
 + Level 3.7 Unarmed Combat
 + Level 1.3 Transmutations
 + Level 0.0 Evocations


You had one spell level left.
You knew the following spells:

 Your Spells              Type           Power      Damage    Failure   Level
a - Beastly Appendage     Tmut           6%         N/A       19%         1

Your spell library contained the following spells:

 Spells                   Type           Power      Damage    Failure   Level
 Wereblood                Tmut           3%         N/A       28%         2
 Spider Form              Tmut/Pois      1%         N/A       58%         3
 Ozocubu's Armour         Ice            0%         N/A       69%         3
 Metabolic Englaciation   Hex/Ice        0%         N/A       100%        5
 Simulacrum               Ice/Necr       0%         N/A       100%        6


Dungeon Overview and Level Annotations

Branches:
Dungeon (3/15)

Altars:
Okawaru
Trog

Annotations:
D:3 Natasha


Innate Abilities, Weirdness & Mutations

You have temporarily grown beastly horns.
You have sharp claws.
You have razor-sharp teeth.
You have supernaturally acute eyesight. (SInv)
You cover ground quickly. (Speed+)
You are covered in thick fur. (AC +2)
Your paws help you pounce on unaware monsters.
You are incapable of wielding weapons or throwing items.
You cannot wear armour.
You gain extra lives every three experience levels.


Message History

You are too injured to fight recklessly!
You are too injured to fight recklessly!
You are too injured to fight recklessly!
You are too injured to fight recklessly!
You are too injured to fight recklessly!
You are too injured to fight recklessly!
You are too injured to fight recklessly!
You are too injured to fight recklessly!
You are too injured to fight recklessly!
You are too injured to fight recklessly!
You are too injured to fight recklessly!
You are too injured to fight recklessly!
You barely miss Natasha. Natasha casts a spell at you.
You feel yourself slow down.
Casting: Beastly Appendage (safe; 19% risk of failure)
Confirm with . or Enter, or press ? or * to list all spells.
You grow a pair of large bovine horns.
Natasha barely misses you. x2
You barely miss Natasha. You bite Natasha.
Natasha is moderately wounded.
Natasha claws you but does no damage.
You miss Natasha.
Natasha is moderately wounded.
Natasha claws you.
* * * LOW HITPOINT WARNING * * *
Natasha misses you.
You don't have any such object.
Evoke which item? (* to show all) (? for menu, Esc to quit)
Okay, then.
Aiming: Paralyse
Press: ? - help, Shift-Dir - straight line, f - Natasha
Aim: Natasha (moderately wounded, chance to affect: 49%) Natasha resists with some effort.
Natasha closely misses you.
Aiming: Paralyse
Press: ? - help, Shift-Dir - straight line, f/p - Natasha
Aim: Natasha (moderately wounded, chance to affect: 49%) Natasha resists with some effort.
Natasha stares at you and mumbles some strange words.
The magic dart hits you.
You die...

.##########
#.#.........# .#
#.....#####'##...#######
.
#.......................
)
#............#.........#
............#..>......#
#....?.....#.........#
#..#
###..........#.........#
...
≈≈≈≈≈≈h......#.........#
≈≈≈
.....≈.@.....#..)......#
≈..
####.≈...†...#.......≈≈≈
≈.# ##.
#.≈.......#.......≈..
≈.# ...≈
#.≈.......#.....[.≈≈≈
≈.#.≈≈≈.
#.≈.#######.........#
≈.#.≈_.# #.≈.#
#.........# ≈.#.≈...
#.≈.# #.........# .≈.#
≈. #.≈.#..# ###'#######
.≈.# ≈ #.≈.#..# #.#


You could see Natasha.

Vanquished Creatures
  Natasha (twice) (D:3)
  A gnoll (D:1)
  An adder (D:3)
  3 dart slugs
  An orc (D:3)
  2 ball pythons
  5 bats
  4 endoplasms
  A giant cockroach (D:1)
  3 goblins
  6 hobgoblins
  4 jackals (D:1)
  A quokka (D:1)
  6 frilled lizards
  7 kobolds
  10 rats
57 creatures vanquished.

Vanquished Creatures (others)
  A plant (D:1)
  4 toadstools (D:1)
5 creatures vanquished.

Grand Total: 62 creatures vanquished

Notes
Turn   | Place    | Note
-------+----------+-------------------------------------------
     0 | D:1      | Descartes the Felid Wanderer began the quest for the Orb.
     0 | D:1      | Descartes set off with the following items: a scroll of
                  | teleportation, a potion of mutation
     0 | D:1      | Reached XP level 1. HP: 10/10 MP: 2/2
     0 | D:1      | Gained mutation: You are covered in thick fur. (AC +2)
                  | [potion of mutation]
    73 | D:1      | Reached skill level 1 in Dodging
    73 | D:1      | Reached XP level 2. HP: 14/14 MP: 3/3
   652 | D:1      | Found a faded altar of an unknown god.
   754 | D:1      | Reached XP level 3. HP: 17/17 MP: 4/4
  1538 | D:2      | Noticed a phantom
  2145 | D:3      | Reached XP level 4. HP: 21/21 MP: 5/5
  2147 | D:3      | Learned a level 1 spell: Beastly Appendage
  2172 | D:3      | Found an iron altar of Okawaru.
  2182 | D:3      | Noticed Natasha
  2207 | D:3      | Killed Natasha
  2327 | D:3      | Reached skill level 1 in Transmutations
  2600 | D:3      | Noticed Natasha
  2610 | D:3      | Killed Natasha
  2723 | D:3      | Noticed Natasha
  2741 | D:3      | Killed from afar by Natasha
  2742 | D:3      | Reached XP level 3. HP: -3/17 MP: 4/4
  2755 | D:3      | Found a bloodstained altar of Trog.
  2801 | D:3      | Killed from afar by Natasha

Illustrated notes

Levels and vault maps discovered:
D:1:      ldierk_water_garden, layout_basic, hellmonk_ecumenical_altar_blasted,
          serial_bayou_pond_e
D:2:      layout_basic
D:3:      layout_basic, nicolae_overflow_squiral, mainiacjoe_overflow_brackets,
          serial_rivers, chequers_serial_rivers_micro_a,
          chequers_serial_rivers_micro_d, chequers_serial_rivers_small_3,
          chequers_serial_rivers_micro_c, chequers_serial_rivers_small_a,
          uniq_natasha

Skill      XL: |  1  2  3  4 |
---------------+-------------+-----
Dodging        | 1 2 3 4 |  4.0
Unarmed Combat | 3 |  3.7
Transmutations | 1 |  1.3
Fighting       | |  3.0
Stealth        | |  6.6

Action                   |  1- 3 |  4- 6 || total
-------------------------+-------+-------++-------
Melee: Unarmed           |    91 |    49 ||   140
       Bite              |     5 |     2 ||     7
       Headbutt          |       |     3 ||     3
       Punch             |       |     1 ||     1
 Cast: Beastly Appendage |     3 |     5 ||     8
Evoke: Wand              |     2 |       ||     2
  Use: Potion            |     1 |       ||     1
       Scroll            |     2 |       ||     2
 Stab: Sleeping          |    15 |     2 ||    17
Armor: Skin              |     6 |     6 ||    12
Dodge: Dodged            |    66 |    31 ||    97
